 Dungeon Crawl Stone Soup version 0.19.1 (webtiles) character file.

1404 Dfrag the Thaumaturge (level 8, -6/62 HPs)
             Began as a Naga Conjurer on Nov 30, 2016.
             Mangled by an orc knight
             ... wielding a +0 war axe
              (18 damage)
             ... in a bailey.
             The game lasted 00:11:13 (4557 turns).

Dfrag the Thaumaturge (Naga Conjurer)               Turns: 4557, Time: 00:11:14

Health: -6/62      AC:  9    Str: 15    XL:     8   Next: 70%
Magic:  7/20       EV:  8    Int: 18    God:
Gold:   324        SH:  0    Dex: 11    Spells: 3 memorised, 17 levels left

rFire  . . .     SeeInvis +     (no weapon)
rCold  . . .     Gourm    .     a - +0 robe
rNeg   . . .     Faith    .     (no shield)
rPois  +         Spirit   .     (no helmet)
rElec  .         Reflect  .     j - +0 cloak
rCorr  +         Harm     .     l - +0 pair of gloves
MR     +....                    w - +0 naga barding
Stlth  ++........               n - amulet of magic regeneration
                                x - +4 ring of strength
                                y - ring of resist corrosion

@: very slightly contaminated, very slow
A: see invisible, deformed body, poison resistance, slowness 2, slow metabolism
1, spit poison 1, AC +2
a: Spit Poison


You were in a bailey.
You were not hungry.

You visited 2 branches of the dungeon, and saw 8 of its levels.
You also visited: Bailey.

You collected 324 gold pieces.

Inventory:

Armour
 a - a +0 robe (worn)
 j - a +0 cloak (worn)
 l - a +0 pair of gloves (worn)
 w - a +0 naga barding (worn)
Jewellery
 n - an amulet of magic regeneration (around neck)
 q - a cursed amulet of the gourmand {unknown}
 x - a +4 ring of strength (right hand)
 y - a ring of resist corrosion (left hand)
Wands
 p - a wand of acid (7/15)
 r - a wand of enslavement (4/24)
 C - a wand of paralysis (9/24)
Scrolls
 d - 3 scrolls of remove curse
 g - a scroll of enchant weapon {unknown}
 h - 2 scrolls of random uselessness
 i - 7 scrolls of teleportation
 t - a scroll of fear {unknown}
 u - a scroll of enchant armour {unknown}
 D - a scroll of recharging {unknown}
 E - 2 scrolls of blinking {unknown}
 F - 3 scrolls of amnesia
 H - a scroll of noise {unknown}
Potions
 e - 2 potions of degeneration {unknown}
 k - 3 potions of heal wounds
 o - a potion of ambrosia {unknown}
 s - a potion of might {unknown}
 z - 2 potions of lignification {unknown}
 A - a potion of cancellation {unknown}
Books
 b - a book of Conjurations

   Spells                             Type                      Level
   a - Magic Dart                     Conjuration                  1
   b - Searing Ray                    Conjuration                  2
   c - Dazzling Spray                 Conjuration/Hexes            3
   d - Fulminant Prism                Conjuration/Hexes            4
   e - Iskenderun's Mystic Blast      Conjuration                  4
   f - Iskenderun's Battlesphere      Conjuration/Charms           5
 v - a book of Maledictions

   Spells                             Type                      Level
   a - Corona                         Hexes                        1
   b - Ensorcelled Hibernation        Hexes/Ice                    2
   c - Confuse                        Hexes                        3
   d - Tukima's Dance                 Hexes                        3
   e - Dazzling Spray                 Conjuration/Hexes            3
Comestibles
 c - 6 bread rations
 f - 4 meat rations
 m - 11 fruits
 B - a slice of pizza
 G - 2 chunks of flesh
 I - 2 beef jerkies


   Skills:
 - Level 1.5 Dodging
 - Level 3.0 Stealth
 * Level 8.0 Spellcasting
 + Level 7.3 Conjurations


You had 17 spell levels left.
You knew the following spells:

 Your Spells              Type           Power        Failure   Level  Hunger
a - Magic Dart            Conj           ####         1%          1    None
b - Searing Ray           Conj           ####..       1%          2    None
c - Dazzling Spray        Conj/Hex       ###...       10%         3    #......


Dungeon Overview and Level Annotations

Branches:
Dungeon (7/15)             Temple (1/1) D:6

Altars:
Ashenzari
Dithmenos
Elyvilon
Fedhas
Gozag
Hepliaklqana
Kikubaaqudgha
Nemelex Xobeh
Okawaru
Ru
Sif Muna
Trog
Uskayaw
Xom
Yredelemnul
Zin
The Shining One

Annotations:
Bailey 3 runed doors


Innate Abilities, Weirdness & Mutations

You cannot wear boots.
Your serpentine skin is tough. (AC +2)
You have supernaturally acute eyesight. (SInv)
Armour fits poorly on your strangely shaped body.
Your system is resistant to poisons. (rPois)
You cover ground very slowly.
You have a slow metabolism.
You can spit poison.


Message History

You miscast Dazzling Spray.
Nothing appears to happen.
The orc knight hits you with a war axe!
Casting: Dazzling Spray
Confirm with . or Enter, or press ? or * to list all spells.
Aiming: Dazzling Spray
Press: ? - help, Shift-Dir - straight line, f/p - orc knight
Aim: an orc knight, wielding a war axe and wearing a chain mail The spray of energy hits the orc knight.
The orc knight is lightly wounded.
The orc knight is dazzled.
Evoke which item? (* to show all) (? for menu, Esc to quit)
Zapping:
r - a wand of enslavement (will waste charges)
Press: ? - help, Shift-Dir - straight line, f/p - orc knight
Aim: an orc knight, wielding a war axe and wearing a chain mail (lightly wounded, blind, chance to defeat MR: 28%)
The orc knight easily resists.
Evoking this partially-identified wand wasted a few charges.
The orc knight hits you with a war axe!
* * * LOW HITPOINT WARNING * * *
The orc knight hits you with a war axe!!
You die...

♣♣♣∩♣♣♣ #####♣♣♣.....♣♣♣#####
##...##.........##...##
##.....##(((....##.....##
##...8...##≈≈≈≈≈##.......#
##.).......#≈≈≈≈≈#...8..8.. ♣
#..........#≈≈≈≈≈#.........
♣≈≈#..8..8...@o)gK).).........
♣≈≈#........#########......8..
♣≈≈##..(.).##≈≈≈ ####......
♣(..##.....#≈}.. ..≈#≈o#.....#
♣....##(...#≈!.. .....≈#....##
♣♣.....#..(.##8.8 ..8.8≈##...#
♣......'..(..#... .....≈ +...#
♣∩.∩...'.....#... ∩....≈ +...#
♣.(...('.(...#... ..... +...#


You could see an orc knight (blind), a hobgoblin and a kobold.

Vanquished Creatures
  The ghost of Styro the Archer, a novice HEAM (D:5)
  An ice beast (D:4)
  2 orc warriors (Bailey)
  2 bullfrogs
  2 howler monkeys (D:6)
  2 crimson imps
  A quasit (D:7)
  2 orc priests
  2 hounds
  3 orc wizards (D:5)
  2 centaur skeletons (D:6)
  An iguana (D:4)
  3 worker ants (D:4)
  A worker ant zombie (D:6)
  2 gnolls (Bailey)
  6 adders
  2 adder skeletons
  5 worms
  A dart slug (D:2)
  3 leopard geckos
  15 orcs
  2 ball pythons
  5 giant cockroaches
  13 goblins
  9 hobgoblins
  5 jackals
  20 kobolds
  6 quokkas
  A ball python skeleton (D:4)
  8 bats
  2 frilled lizards
  A leopard gecko skeleton (D:5)
  7 rats
138 creatures vanquished.

Notes
Turn   | Place    | Note
-------+----------+-------------------------------------------
     0 | D:1      | Dfrag the Naga Conjurer began the quest for the Orb.
     0 | D:1      | Reached XP level 1. HP: 15/15 MP: 3/3
   102 | D:1      | Found a sparkling altar of Nemelex Xobeh.
   164 | D:1      | Reached XP level 2. HP: 10/22 MP: 1/5
   168 | D:1      | Learned a level 2 spell: Searing Ray
   480 | D:2      | Reached XP level 3. HP: 4/28 MP: 0/7
   539 | D:2      | Found a sparkling altar of Nemelex Xobeh.
   662 | D:2      | Reached skill level 3 in Spellcasting
   800 | D:2      | Found a faded altar of an unknown god.
   887 | D:2      | Found a blossoming altar of Fedhas.
  1025 | D:2      | Reached XP level 4. HP: 36/36 MP: 2/8
  1111 | D:2      | Found an ancient bone altar of Kikubaaqudgha.
  1384 | D:3      | Reached XP level 5. HP: 42/42 MP: 6/10
  1385 | D:3      | Reached skill level 5 in Conjurations
  1449 | D:3      | Found a bloodstained altar of Trog.
  1450 | D:3      | Found an iron altar of Okawaru.
  1709 | D:3      | Found a white marble altar of Elyvilon.
  1784 | D:4      | Reached skill level 4 in Spellcasting
  2093 | D:4      | Found a glowing silver altar of Zin.
  2110 | D:4      | Noticed an ice beast
  2128 | D:4      | Killed an ice beast
  2128 | D:4      | Reached XP level 6. HP: 29/49 MP: 1/13
  2331 | D:4      | Reached skill level 5 in Spellcasting
  2601 | D:5      | Entered Level 5 of the Dungeon
  2767 | D:5      | Noticed Styro's ghost (novice HEAM)
  2784 | D:5      | Killed Styro's ghost
  2784 | D:5      | Reached skill level 6 in Spellcasting
  2784 | D:5      | Reached XP level 7. HP: 37/55 MP: 3/16
  3193 | D:5      | Found a deep blue altar of Sif Muna.
  3453 | D:6      | Reached XP level 8. HP: 62/62 MP: 14/18
  3587 | D:6      | Found a staircase to the Ecumenical Temple.
  3606 | Temple   | Entered the Ecumenical Temple
  3724 | D:6      | Reached skill level 7 in Spellcasting
  4190 | D:7      | Learned a level 3 spell: Dazzling Spray
  4213 | D:7      | Found a flagged portal.
  4254 | Bailey   | Entered a bailey
  4261 | Bailey   | Noticed an orc warlord
  4495 | Bailey   | Reached skill level 8 in Spellcasting
  4515 | Bailey   | Found a runed gate.
  4517 | Bailey   | Found a runed gate.
  4518 | Bailey   | Found a runed gate.
  4528 | Bailey   | Noticed an orc knight
  4557 | Bailey   | Mangled by an orc knight

Skill      XL: |  1  2  3  4  5  6  7  8 |
---------------+-------------------------+-----
Spellcasting   | 3 4 6 8 |  8.0
Conjurations   | 5 6 7 |  7.3
Dodging        | |  1.5
Stealth        | |  3.0

Action                   |  1- 3 |  4- 6 |  7- 9 || total
-------------------------+-------+-------+-------++-------
Melee: Unarmed           |    11 |     8 |     1 ||    20
 Cast: Magic Dart        |    48 |    56 |    46 ||   150
       Searing Ray       |     3 |    21 |    36 ||    60
       Dazzling Spray    |       |       |     6 ||     6
 Abil: Spit Poison       |    24 |    18 |     7 ||    49
Evoke: Wand              |       |     1 |     1 ||     2
  Use: Scroll            |       |       |     5 ||     5
  Eat: Chunk             |     1 |     7 |     5 ||    13
Armor: Robe              |     8 |    23 |    50 ||    81
Dodge: Dodged            |    13 |    21 |    47 ||    81
